 Dungeon Crawl Stone Soup version 0.30.0-19-g36f170ea60 (webtiles) character file.

Game seed: 2598238991362902828

56 monsoonserge the Insei (level 3, -2/23 HPs)
             Began as an Octopode Transmuter on May 31, 2023.
             Slain by an orc
             ... wielding a +0 flail
              (8 damage)
             ... on level 3 of the Dungeon.
             The game lasted 00:07:21 (1933 turns).

monsoonserge the Insei (Octopode Transmuter)        Turns: 1933, Time: 00:07:24

Health: -2/23      AC:  1    Str:  9    XL:     3   Next: 95%
Magic:  0/6        EV: 13    Int: 17    God:
Gold:   134        SH:  0    Dex: 12    Spells: 2/6 levels left

rFire   . .          .
                       - Unarmed
rCold   + + .        (no shield)
rNeg    . . .        (helmet currently unavailable)
rPois   .            e - amulet of guardian spirit
rElec   .            b - ring of protection from cold
rCorr   .            (no ring)
SInv    .            (no ring)
Will    .....        (no ring)
Stlth   ++           (no ring)
HPRegen 0.23/turn    (no ring)
MPRegen 0.10/turn    (no ring)
                     (no ring)

%: guardian spirit
@: lethally poisoned (-2 -> -7), appendages (expiring)
A: tentacle spike 3, almost no armour, amphibious, 8 rings, camouflage 1,
gelatinous body 1, (nimble swimmer 1), tentacles, cold resistance 1
a: End Transformation


You were on level 3 of the Dungeon.
One of your tentacles had grown a beastly spike.
You visited 1 branch of the dungeon, and saw 3 of its levels.

You collected 134 gold pieces.

Inventory:

Missiles
 h - 2 boomerangs
 n - 4 poisoned darts
Armour
 f - a +0 kite shield
Magical Staves
 k - a staff of cold
Jewellery
 b - a ring of protection from cold (left tentacle)
 d - a ring of see invisible
 e - an amulet of guardian spirit (around mantle)
Scrolls
 c - a scroll of enchant weapon
 i - 2 scrolls of identify
 j - a scroll of immolation
 l - a scroll of teleportation {unknown}
 m - a scroll of silence {unknown}
 q - a scroll of butterflies {unknown}
Potions
 a - a potion of lignification
 o - a potion of resistance {unknown}
 p - a potion of ambrosia {unknown}


   Skills:
 + Level 1.1 Fighting
 + Level 2.1 Dodging
 + Level 0.4 Stealth
 * Level 4.2 Unarmed Combat
 - Level 2.0 Spellcasting
 * Level 2.3 Transmutations
 * Level 0.5 Poison Magic


You had 2 spell levels left.
You knew the following spells:

 Your Spells              Type           Power      Damage    Failure   Level
a - Beastly Appendage     Tmut           18%        N/A       8%          1
b - Spider Form           Tmut/Pois      6%         N/A       32%         3

Your spell library contained the following spells:

 Spells                   Type           Power      Damage    Failure   Level
 Wereblood                Tmut           9%         N/A       11%         2
 Inner Flame              Hex/Fire       1%         N/A       50%         3
 Ice Form                 Ice/Tmut       5%         N/A       75%         4
 Flame Wave               Conj/Fire      1%         2d4       88%         4
 Sticky Flame             Conj/Fire      1%         2d3       88%         4


Dungeon Overview and Level Annotations

Branches:
Dungeon (3/15)

Altars:
Sif Muna


Innate Abilities, Weirdness & Mutations

One of your tentacles has grown a beastly spike.
You cannot wear most types of armour.
You are amphibious.
You can wear up to eight rings at the same time.
Your skin changes colour to match your surroundings (Stealth+).
Your rubbery body absorbs attacks. (AC +1, EV +1)
((You are camouflaged when in or above water. (Stealth+)))
You have tentacles for arms and can constrict up to eight enemies at once.
Your flesh is cold resistant. (rC+)


Message History

Your tentacle spike misses the adder.
The adder bites you. The ball python barely misses you.
The ball python constricts you.
You barely miss the adder. Your grab misses the adder.
Your tentacle spike misses the adder.
Your tentacle-slap misses the adder.
The adder closely misses you. The orc closely misses you.
The ball python bites you. The ball python constricts you.
The adder barely misses you.
You barely miss the adder. Your grab misses the adder.
Your squeeze misses the adder. The ball python completely misses you.
The ball python constricts you.
A ball python comes into view.
The orc misses you. The orc hits you with a +0 falchion. The adder bites you.
You escape the ball python's grasp.
The ball python bites you. The ball python barely misses you.
The orc attacks as you move away! The orc barely misses you.
The orc attacks as you move away! The orc misses you.
The adder attacks as you move away! The adder bites you.
Your transformation is almost over.
The adder misses you.
You tentacle-slap the adder. You grab the adder.
You pierce the adder, but do no damage.
The adder is moderately wounded.
You constrict the adder.
The adder escapes!
The adder misses you.
As you read the scroll labelled KIULOS CE ZON, it crumbles to dust.
It is a scroll of enchant weapon.
You aren't carrying any weapons that can be enchanted.
The orc hits you with a +0 flail.
* * * LOW HITPOINT WARNING * * *
The adder closely misses you.
As you read the scroll labelled REPOFRIULE, it crumbles to dust.
It is a scroll of identify.
j - a scroll of immolation The adder barely misses you.
The orc barely misses you.
It was a potion of mutation.
You feel extremely strange.
You feel resistant to cold. The adder bites you.
* * * LOW HITPOINT WARNING * * *
You are poisoned.
The adder poisons you! The orc hits you with a +0 flail!
You die...

............##
####......#...
###...#.......###
.....[...####...
.........# ..#
...<.....#####.########
#########..............
# ##>## #######..#####
##8...8# ##@S# ##.....#
##o## . #8.....8
###oS####.... ##.....##
#..oSo....S.. ##8...8#
........o.......
##.....##
####..........$.
#8.....8# #.......#####
# .....# #.......# #
8...8# #.......#


You could see an adder, 5 orcs and 2 ball pythons.

Vanquished Creatures
  An adder (D:3)
  2 worms
  2 dart slugs (D:1)
  An orc (D:3)
  2 ball pythons (D:3)
  3 endoplasms
  3 goblins
  A hobgoblin (D:2)
  6 jackals (D:3)
  6 kobolds
  A quokka (D:3)
  3 bats
  A frilled lizard (D:3)
  3 rats
35 creatures vanquished.

Notes
Turn   | Place    | Note
-------+----------+-------------------------------------------
     0 | D:1      | monsoonserge the Octopode Transmuter began the quest for
                  | the Orb.
     0 | D:1      | Reached XP level 1. HP: 13/13 MP: 3/3
   223 | D:1      | Found a faded altar of an unknown god.
   357 | D:1      | Reached XP level 2. HP: 3/18 MP: 0/5
  1515 | D:3      | Reached XP level 3. HP: 23/23 MP: 6/6
  1530 | D:3      | Learned a level 3 spell: Spider Form
  1594 | D:3      | Reached skill level 4 in Unarmed Combat
  1797 | D:3      | Found a shimmering blue altar of Sif Muna.
  1933 | D:3      | Gained mutation: Your flesh is cold resistant. (rC+)
                  | [potion of mutation]
  1933 | D:3      | Slain by an orc

Illustrated notes

Levels and vault maps discovered:
D:1:      beargit_arrival_diablo_church, layout_basic,
          ebering_ecumenical_altar_rust, minmay_misc_feat_tower, minivault_25
D:2:      layout_loops_ring
D:3:      cheibrodos_old_hovel, layout_rooms, nicolae_overflow_hidden_temple

Skill      XL: |  1  2  3 |
---------------+----------+-----
Unarmed Combat | 4 |  4.2
Fighting       | |  1.1
Dodging        | |  2.1
Stealth        | |  0.4
Spellcasting   | |  2.0
Transmutations | |  2.3
Poison Magic   | |  0.5

Action                     || total
---------------------------++-------
  Melee: Unarmed           ||    83
         Constrict         ||    23
         Tentacles         ||    19
         Kick              ||    16
         Punch             ||     2
   Cast: Beastly Appendage ||    15
    Use: Scroll            ||     2
         Potion            ||     1
   Stab: Sleeping          ||     2
 Armour: Skin              ||    10
  Dodge: Dodged            ||    66
  Block: Kite shield       ||     7
